[ AOE2 MATCH · #472385092 ]
UnrankedRomans vs Hindustanis
[ REPLAY ANALYSIS · EXTRACTED FROM THE RECORDED GAME ]
Feudal
15:25
Castle
20:23
Imperial
29:06
| APM avg | 19.1 |
| APM peak | 57 |
| eAPM avg | 14.9 |
| Villagers / military | 144 / 190 |
Focus
⚔️ 36.3% · 🌾 63.7%
Scorpion ×136 · Battering Ram ×37 · Unknown (1795) ×37 · Trade Cart ×36 · Centurion ×15 · Monk ×2
Feudal
13:01
Castle
16:51
Imperial
31:35
| APM avg | 26.3 |
| APM peak | 89 |
| eAPM avg | 20.3 |
| Villagers / military | 171 / 98 |
Focus
⚔️ 36.1% · 🌾 63.9%
Unknown (1959) ×250 · Archer ×97 · Trade Cart ×73 · Unknown (1942) ×23 · Monk ×1 · Unknown (1966) ×1
Feudal
12:53
Castle
20:04
Imperial
35:36
| APM avg | 21.4 |
| APM peak | 67 |
| eAPM avg | 19.0 |
| Villagers / military | 160 / 418 |
Focus
⚔️ 49.6% · 🌾 50.4%
Eagle Scout ×406 · Trade Cart ×52 · Spearman ×11 · Fishing Ship ×5 · Monk ×1
Feudal
14:06
Castle
20:59
Imperial
39:54
| APM avg | 24.2 |
| APM peak | 84 |
| eAPM avg | 13.2 |
| Villagers / military | 111 / 317 |
Focus
⚔️ 35.7% · 🌾 64.3%
Longbowman ×233 · Archer ×74 · Trade Cart ×18 · Trebuchet (Packed) ×10
Feudal
—
Castle
—
Imperial
—
| APM avg | 1207.1 |
| APM peak | 13501 |
| eAPM avg | 1206.9 |
| Villagers / military | 0 / 289 |
Focus
⚔️ 50.6% · 🌾 49.4%
Scout Cavalry ×168 · Camel Scout ×45 · Ghulam ×35 · Skirmisher ×34 · Monk ×2 · Mangonel ×2
Feudal
—
Castle
—
Imperial
—
| APM avg | 620.7 |
| APM peak | 2803 |
| eAPM avg | 619.1 |
| Villagers / military | 0 / 79 |
Focus
⚔️ 70.7% · 🌾 29.3%
Knight ×30 · Scout Cavalry ×25 · Skirmisher ×14 · Monk ×9 · Spearman ×1
Feudal
—
Castle
—
Imperial
—
| APM avg | 1512.1 |
| APM peak | 17005 |
| eAPM avg | 1510.7 |
| Villagers / military | 0 / 152 |
Focus
⚔️ 38.2% · 🌾 61.8%
Scout Cavalry ×42 · Skirmisher ×35 · Camel Scout ×35 · Chakram Thrower ×32 · Monk ×4 · Archer ×4
Feudal
—
Castle
—
Imperial
—
| APM avg | 689.8 |
| APM peak | 5514 |
| eAPM avg | 689.2 |
| Villagers / military | 0 / 355 |
Focus
⚔️ 49.0% · 🌾 51.0%
Scout Cavalry ×176 · Knight ×80 · Skirmisher ×71 · Battering Ram ×18 · Cavalry Archer ×6 · Monk ×3
Match map
Initial resources + every placement click. Lines = walls · curves = elevation contours. ◆ gold · ⬟ stone · ● berries · ✦ relic · ◌ wall gap
Your base· ✓ Closed at 20:23 · 72t walls · no gate
YuhArtyKnow's base· ✓ Closed at 16:51 · 36t walls · no gate
YuhaZero's base· ✓ Closed at 20:04 · 0t walls · no gate
koukos's base· ✓ Closed at 20:59 · 13t walls · no gate
's base· Open — opponent sealed themselves in
's base· Open — opponent sealed themselves in
's base· Open — opponent sealed themselves in
's base· Open — opponent sealed themselves in
Smoothed initial terrain · ◌ = detected wall gap · hover for details
Inputs per minute
— M L F 6 - - YuhArtyKnow
Build order — M L F 6
First 150 of 478 actions detected
| 0:01 | Create | Villager (Male) |
| 0:01 | Create | Villager (Male) |
| 0:01 | Create | Villager (Male) |
| 0:02 | Build | House |
| 0:04 | Build | House |
| 0:16 | Create | Villager (Male) |
| 0:16 | Create | Villager (Male) |
| 1:23 | Create | Villager (Male) |
| 1:23 | Create | Villager (Male) |
| 1:46 | Build | Lumber Camp |
| 2:01 | Create | Villager (Male) |
| 2:02 | Create | Villager (Male) |
| 2:02 | Create | Villager (Male) |
| 2:41 | Create | Villager (Male) |
| 3:07 | Create | Villager (Male) |
| 3:34 | Create | Villager (Male) |
| 4:07 | Research | Loom |
| 4:08 | Research | Loom |
| 4:13 | Build | House |
| 4:32 | Create | Villager (Male) |
| 4:32 | Create | Villager (Male) |
| 5:40 | Build | Palisade Wall |
| 5:56 | Build | Palisade Wall |
| 6:05 | Build | House |
| 6:10 | Build | House |
| 6:19 | Build | Palisade Wall |
| 6:32 | Create | Villager (Male) |
| 6:32 | Create | Villager (Male) |
| 6:32 | Create | Villager (Male) |
| 6:50 | Build | Palisade Wall |
| 7:23 | Build | Palisade Wall |
| 8:25 | Create | Villager (Male) |
| 8:25 | Create | Villager (Male) |
| 8:41 | Build | Palisade Wall |
| 8:49 | Create | Villager (Male) |
| 8:49 | Create | Villager (Male) |
| 8:58 | Build | Mill |
| 9:06 | Build | House |
| 9:32 | Build | Palisade Wall |
| 9:32 | Build | Palisade Wall |
| 9:43 | Build | Palisade Wall |
| 9:45 | Build | Palisade Wall |
| 9:50 | Build | Palisade Wall |
| 10:08 | Create | Villager (Male) |
| 10:09 | Create | Villager (Male) |
| 10:21 | Build | Mill |
| 10:31 | Build | Mill |
| 10:36 | Build | Palisade Wall |
| 10:41 | Build | Palisade Wall |
| 10:45 | Build | Palisade Wall |
| 10:54 | Build | Farm |
| 11:10 | Build | Palisade Wall |
| 11:19 | Build | Palisade Wall |
| 11:35 | Create | Villager (Male) |
| 11:35 | Create | Villager (Male) |
| 11:47 | Build | Dock |
| 11:59 | Build | Palisade Wall |
| 12:08 | Create | Villager (Male) |
| 12:16 | Build | Palisade Wall |
| 12:18 | Build | Palisade Wall |
| 12:20 | Build | Palisade Wall |
| 12:21 | Build | Palisade Wall |
| 12:22 | Build | Palisade Wall |
| 12:24 | Build | Palisade Wall |
| 12:25 | Build | Palisade Wall |
| 12:26 | Build | Palisade Wall |
| 12:27 | Build | Palisade Wall |
| 12:27 | Build | Palisade Wall |
| 12:27 | Build | Palisade Wall |
| 12:38 | Build | Mining Camp |
| 12:41 | Create | Villager (Male) |
| 12:56 | Build | Barracks |
| 13:10 | Research | Feudal Age |
| 13:57 | Build | House |
| 14:03 | Build | Farm |
| 14:05 | Build | Farm |
| 14:18 | Build | House |
| 15:07 | Create | Villager (Male) |
| 15:07 | Create | Villager (Male) |
| 15:15 | Build | Farm |
| 15:25 | Age | Feudal Age |
| 15:32 | Build | Stone Wall |
| 15:33 | Build | Stone Wall |
| 15:42 | Build | Stone Wall |
| 15:54 | Build | Farm |
| 15:59 | Create | Villager (Male) |
| 16:05 | Build | Stone Wall |
| 16:20 | Build | Farm |
| 16:30 | Build | Market |
| 16:35 | Build | Stone Wall |
| 16:35 | Build | Stone Wall |
| 16:36 | Build | Stone Wall |
| 16:39 | Build | Stone Wall |
| 16:43 | Create | Villager (Male) |
| 16:46 | Build | Blacksmith |
| 17:09 | Build | Stone Wall |
| 17:11 | Build | Stone Wall |
| 17:14 | Build | Stone Wall |
| 17:15 | Build | Stone Wall |
| 17:16 | Build | Stone Wall |
| 17:43 | Research | Castle Age |
| 17:52 | Research | Double-Bit Axe |
| 17:52 | Research | Double-Bit Axe |
| 18:07 | Build | Dock |
| 18:13 | Build | Farm |
| 18:15 | Build | Farm |
| 18:46 | Research | Horse Collar |
| 19:03 | Build | House |
| 19:04 | Build | House |
| 19:08 | Build | Stone Wall |
| 19:10 | Build | Stone Wall |
| 19:11 | Build | Stone Wall |
| 19:54 | Research | Gold Mining |
| 19:58 | Create | Villager (Male) |
| 19:58 | Create | Villager (Male) |
| 20:23 | Age | Castle Age |
| 20:25 | Build | Monastery |
| 21:03 | Build | University |
| 21:06 | Create | Monk |
| 21:08 | Create | Villager (Male) |
| 21:08 | Create | Villager (Male) |
| 21:10 | Build | Farm |
| 21:17 | Build | Farm |
| 21:25 | Research | Bow Saw |
| 21:25 | Research | Bow Saw |
| 21:31 | Create | Trade Cart |
| 21:42 | Create | Villager (Male) |
| 21:44 | Build | Farm |
| 22:01 | Build | House |
| 22:05 | Create | Monk |
| 22:50 | Build | Mining Camp |
| 22:53 | Create | Villager (Male) |
| 22:53 | Create | Villager (Male) |
| 23:09 | Create | Villager (Male) |
| 23:12 | Build | Farm |
| 23:15 | Build | Farm |
| 23:19 | Create | Villager (Male) |
| 23:21 | Build | Farm |
| 23:24 | Research | Heavy Plow |
| 23:24 | Research | Heavy Plow |
| 23:40 | Build | Farm |
| 23:42 | Build | Farm |
| 23:44 | Build | Farm |
| 23:55 | Build | Farm |
| 24:21 | Build | Farm |
| 24:25 | Create | Villager (Male) |
| 24:30 | Build | Lumber Camp |
| 24:35 | Create | Villager (Male) |
| 24:48 | Build | Farm |
| 24:51 | Build | Farm |
Build order — YuhArtyKnow
First 150 of 629 actions detected
| 0:02 | Create | Villager (Male) |
| 0:02 | Create | Villager (Male) |
| 0:03 | Build | House |
| 0:04 | Build | House |
| 0:14 | Create | Villager (Male) |
| 0:20 | Research | Loom |
| 0:41 | Create | Villager (Male) |
| 0:42 | Create | Villager (Male) |
| 0:42 | Create | Villager (Male) |
| 1:23 | Build | Palisade Wall |
| 2:31 | Create | Villager (Male) |
| 2:31 | Create | Villager (Male) |
| 2:31 | Create | Villager (Male) |
| 2:56 | Create | Villager (Male) |
| 3:06 | Build | Palisade Wall |
| 3:07 | Build | Palisade Wall |
| 3:13 | Build | Lumber Camp |
| 3:20 | Create | Villager (Male) |
| 3:53 | Create | Villager (Male) |
| 3:54 | Create | Villager (Male) |
| 3:54 | Create | Villager (Male) |
| 4:41 | Create | Villager (Male) |
| 4:50 | Create | Villager (Male) |
| 4:53 | Build | House |
| 5:09 | Build | House |
| 5:41 | Create | Villager (Male) |
| 5:42 | Create | Villager (Male) |
| 5:42 | Create | Villager (Male) |
| 6:32 | Create | Villager (Male) |
| 6:32 | Create | Villager (Male) |
| 6:58 | Create | Villager (Male) |
| 7:48 | Build | House |
| 7:50 | Build | House |
| 7:53 | Build | House |
| 8:02 | Create | Villager (Male) |
| 8:03 | Create | Villager (Male) |
| 8:03 | Create | Villager (Male) |
| 8:05 | Create | Villager (Male) |
| 8:09 | Build | Mill |
| 8:20 | Create | Villager (Male) |
| 8:57 | Build | Mill |
| 9:03 | Create | Villager (Male) |
| 9:03 | Create | Villager (Male) |
| 9:26 | Create | Villager (Male) |
| 9:45 | Build | Mining Camp |
| 9:50 | Build | House |
| 9:53 | Build | House |
| 10:30 | Build | Mining Camp |
| 10:49 | Research | Feudal Age |
| 11:31 | Create | Villager (Male) |
| 11:32 | Create | Villager (Male) |
| 13:01 | Age | Feudal Age |
| 13:03 | Build | Market |
| 13:08 | Build | Stone Wall |
| 13:10 | Build | Stone Wall |
| 13:14 | Build | Blacksmith |
| 14:11 | Research | Castle Age |
| 14:16 | Research | Double-Bit Axe |
| 14:25 | Research | Horse Collar |
| 15:35 | Build | Stone Wall |
| 16:42 | Research | Wheelbarrow |
| 16:51 | Age | Castle Age |
| 16:52 | Research | Bow Saw |
| 16:55 | Build | Town Center |
| 17:18 | Build | Town Center |
| 17:27 | Research | Town Watch |
| 17:38 | Create | Villager (Male) |
| 17:39 | Create | Villager (Male) |
| 17:42 | Build | Farm |
| 17:47 | Build | Farm |
| 17:49 | Create | Villager (Male) |
| 17:52 | Build | Farm |
| 18:07 | Build | Farm |
| 18:10 | Create | Villager (Male) |
| 18:25 | Create | Villager (Male) |
| 18:27 | Build | Farm |
| 18:29 | Build | Farm |
| 18:39 | Build | Farm |
| 18:42 | Create | Villager (Male) |
| 18:42 | Create | Villager (Male) |
| 18:53 | Build | Farm |
| 18:55 | Create | Villager (Male) |
| 19:05 | Build | Farm |
| 19:07 | Create | Villager (Male) |
| 19:07 | Create | Villager (Male) |
| 19:11 | Build | Farm |
| 19:17 | Build | Farm |
| 19:22 | Create | Villager (Male) |
| 19:30 | Build | Farm |
| 19:36 | Build | Farm |
| 19:42 | Build | Farm |
| 19:42 | Create | Villager (Male) |
| 19:44 | Create | Villager (Male) |
| 19:48 | Create | Villager (Male) |
| 20:01 | Build | Farm |
| 20:06 | Build | Farm |
| 20:06 | Create | Villager (Male) |
| 20:22 | Create | Villager (Male) |
| 20:22 | Create | Villager (Male) |
| 20:23 | Create | Villager (Male) |
| 20:27 | Create | Villager (Male) |
| 20:32 | Build | Town Center |
| 20:38 | Create | Villager (Male) |
| 20:44 | Build | Stone Wall |
| 20:58 | Create | Villager (Male) |
| 20:58 | Create | Villager (Male) |
| 20:58 | Create | Villager (Male) |
| 20:59 | Create | Villager (Male) |
| 21:04 | Build | Mining Camp |
| 21:09 | Create | Villager (Male) |
| 21:25 | Build | Farm |
| 21:25 | Build | Farm |
| 21:26 | Build | Farm |
| 21:26 | Build | Farm |
| 21:26 | Build | Farm |
| 21:27 | Create | Villager (Male) |
| 21:31 | Build | Farm |
| 21:31 | Create | Villager (Male) |
| 21:35 | Create | Villager (Male) |
| 21:35 | Create | Villager (Male) |
| 21:42 | Build | House |
| 21:43 | Build | House |
| 21:45 | Create | Villager (Male) |
| 21:59 | Create | Villager (Male) |
| 22:09 | Build | Farm |
| 22:10 | Build | Farm |
| 22:10 | Build | Farm |
| 22:11 | Create | Villager (Male) |
| 22:11 | Create | Villager (Male) |
| 22:12 | Create | Villager (Male) |
| 22:24 | Research | Heavy Plow |
| 22:25 | Create | Villager (Male) |
| 22:25 | Create | Villager (Male) |
| 22:42 | Create | Villager (Male) |
| 22:48 | Build | Lumber Camp |
| 22:53 | Build | House |
| 23:04 | Create | Villager (Male) |
| 23:04 | Create | Villager (Male) |
| 23:05 | Create | Villager (Male) |
| 23:05 | Create | Villager (Male) |
| 23:05 | Create | Villager (Male) |
| 23:27 | Build | Castle |
| 23:27 | Create | Villager (Male) |
| 23:28 | Create | Villager (Male) |
| 23:28 | Create | Villager (Male) |
| 23:28 | Create | Villager (Male) |
| 23:30 | Create | Villager (Male) |
| 23:36 | Create | Villager (Male) |
| 23:41 | Build | Farm |
| 23:42 | Build | Farm |
Build order — YuhaZero
First 150 of 861 actions detected
| 0:06 | Build | House |
| 0:07 | Build | House |
| 0:22 | Build | House |
| 0:22 | Build | House |
| 0:54 | Research | Loom |
| 0:55 | Create | Villager (Male) |
| 0:55 | Create | Villager (Male) |
| 0:55 | Create | Villager (Male) |
| 0:56 | Create | Villager (Male) |
| 1:51 | Create | Villager (Male) |
| 2:35 | Create | Villager (Male) |
| 3:01 | Create | Villager (Male) |
| 3:34 | Build | Lumber Camp |
| 3:40 | Create | Villager (Male) |
| 4:18 | Create | Villager (Male) |
| 4:18 | Create | Villager (Male) |
| 4:21 | Create | Villager (Male) |
| 4:40 | Create | Villager (Male) |
| 4:40 | Create | Villager (Male) |
| 5:17 | Build | Mill |
| 5:25 | Create | Villager (Male) |
| 5:43 | Create | Villager (Male) |
| 6:25 | Create | Villager (Male) |
| 6:25 | Create | Villager (Male) |
| 7:09 | Create | Villager (Male) |
| 7:09 | Create | Villager (Male) |
| 8:28 | Create | Villager (Male) |
| 8:45 | Build | Dock |
| 9:07 | Create | Villager (Male) |
| 9:41 | Create | Villager (Male) |
| 9:44 | Create | Fishing Ship |
| 9:53 | Build | House |
| 9:55 | Build | House |
| 10:13 | Create | Villager (Male) |
| 10:38 | Research | Feudal Age |
| 10:38 | Research | Feudal Age |
| 11:30 | Build | Mill |
| 12:01 | Create | Villager (Male) |
| 12:18 | Create | Fishing Ship |
| 12:52 | Create | Villager (Male) |
| 12:53 | Age | Feudal Age |
| 12:57 | Research | Double-Bit Axe |
| 13:36 | Create | Villager (Male) |
| 14:02 | Create | Villager (Male) |
| 14:29 | Build | Mining Camp |
| 14:32 | Create | Villager (Male) |
| 14:43 | Build | House |
| 14:47 | Build | Blacksmith |
| 15:03 | Create | Villager (Male) |
| 15:03 | Create | Villager (Male) |
| 15:15 | Build | Market |
| 15:32 | Create | Villager (Male) |
| 16:22 | Create | Villager (Male) |
| 16:59 | Create | Villager (Male) |
| 17:24 | Research | Castle Age |
| 17:36 | Build | Mining Camp |
| 17:48 | Research | Stone Mining |
| 17:53 | Research | Horse Collar |
| 17:59 | Research | Tech 906 |
| 18:25 | Research | Wheelbarrow |
| 19:11 | Build | House |
| 19:12 | Build | House |
| 19:16 | Build | House |
| 20:04 | Age | Castle Age |
| 20:13 | Build | Town Center |
| 20:18 | Research | Bow Saw |
| 20:20 | Research | Heavy Plow |
| 20:33 | Build | Town Center |
| 20:52 | Build | Town Center |
| 21:12 | Build | Farm |
| 21:13 | Build | Farm |
| 21:13 | Build | Farm |
| 21:13 | Build | Farm |
| 21:14 | Build | Farm |
| 21:14 | Build | Farm |
| 21:14 | Build | Farm |
| 21:15 | Build | Farm |
| 21:18 | Create | Villager (Male) |
| 21:41 | Build | Farm |
| 21:41 | Build | Farm |
| 21:41 | Build | Farm |
| 21:42 | Build | Farm |
| 21:42 | Build | Farm |
| 21:42 | Build | Farm |
| 21:53 | Create | Villager (Male) |
| 22:36 | Build | Farm |
| 22:37 | Build | Farm |
| 22:38 | Build | Farm |
| 22:38 | Build | Farm |
| 23:07 | Create | Villager (Male) |
| 23:08 | Create | Villager (Male) |
| 23:08 | Create | Villager (Male) |
| 23:08 | Create | Villager (Male) |
| 23:14 | Build | Farm |
| 23:42 | Build | Monastery |
| 23:48 | Create | Villager (Male) |
| 23:50 | Create | Villager (Male) |
| 23:51 | Create | Villager (Male) |
| 23:51 | Create | Villager (Male) |
| 23:53 | Create | Villager (Male) |
| 23:53 | Create | Villager (Male) |
| 24:14 | Build | University |
| 24:19 | Build | Mining Camp |
| 24:26 | Create | Villager (Male) |
| 24:26 | Create | Villager (Male) |
| 24:26 | Create | Villager (Male) |
| 24:27 | Create | Villager (Male) |
| 24:27 | Create | Villager (Male) |
| 24:31 | Create | Monk |
| 24:38 | Create | Villager (Male) |
| 24:38 | Create | Villager (Male) |
| 25:06 | Create | Villager (Male) |
| 25:06 | Create | Villager (Male) |
| 25:07 | Create | Villager (Male) |
| 25:07 | Create | Villager (Male) |
| 25:07 | Create | Villager (Male) |
| 26:04 | Research | Hand Cart |
| 26:14 | Build | Farm |
| 26:15 | Build | Farm |
| 26:16 | Build | Farm |
| 26:16 | Build | Farm |
| 26:17 | Build | Farm |
| 26:18 | Build | Farm |
| 26:18 | Build | Farm |
| 26:20 | Build | Farm |
| 26:20 | Build | Farm |
| 26:25 | Create | Villager (Male) |
| 26:26 | Create | Villager (Male) |
| 26:26 | Create | Villager (Male) |
| 26:26 | Create | Villager (Male) |
| 26:39 | Create | Villager (Male) |
| 26:57 | Create | Villager (Male) |
| 26:58 | Create | Villager (Male) |
| 27:10 | Build | Farm |
| 27:11 | Build | Farm |
| 27:11 | Build | Farm |
| 27:12 | Build | Farm |
| 27:13 | Build | Farm |
| 27:18 | Create | Villager (Male) |
| 27:51 | Build | Town Center |
| 27:57 | Create | Villager (Male) |
| 27:57 | Create | Villager (Male) |
| 27:57 | Create | Villager (Male) |
| 27:58 | Create | Villager (Male) |
| 27:58 | Create | Villager (Male) |
| 27:58 | Create | Villager (Male) |
| 27:59 | Create | Villager (Male) |
| 27:59 | Create | Villager (Male) |
| 28:16 | Build | Fish Trap |
| 28:23 | Build | Fish Trap |
Build order — koukos
First 150 of 375 actions detected
| 0:07 | Build | Outpost |
| 0:12 | Build | House |
| 0:16 | Build | House |
| 0:20 | Create | Villager (Male) |
| 0:20 | Create | Villager (Male) |
| 0:20 | Create | Villager (Male) |
| 0:20 | Create | Villager (Male) |
| 0:21 | Create | Villager (Male) |
| 2:16 | Build | Lumber Camp |
| 2:21 | Create | Villager (Male) |
| 2:22 | Create | Villager (Male) |
| 2:22 | Create | Villager (Male) |
| 3:27 | Create | Villager (Male) |
| 4:19 | Create | Villager (Male) |
| 4:20 | Create | Villager (Male) |
| 4:20 | Create | Villager (Male) |
| 4:42 | Research | Loom |
| 4:43 | Create | Villager (Male) |
| 4:43 | Create | Villager (Male) |
| 4:57 | Build | Palisade Wall |
| 5:03 | Build | Palisade Wall |
| 6:07 | Create | Villager (Male) |
| 6:08 | Create | Villager (Male) |
| 6:14 | Build | House |
| 6:40 | Build | House |
| 6:41 | Build | House |
| 8:31 | Build | Mill |
| 9:49 | Research | Feudal Age |
| 9:51 | Create | Villager (Male) |
| 9:52 | Create | Villager (Male) |
| 9:52 | Create | Villager (Male) |
| 10:30 | Create | Villager (Male) |
| 10:30 | Create | Villager (Male) |
| 11:01 | Build | Mill |
| 11:33 | Research | Feudal Age |
| 11:50 | Build | Mining Camp |
| 12:04 | Build | Farm |
| 12:06 | Build | Farm |
| 12:10 | Build | Farm |
| 12:33 | Build | Farm |
| 12:35 | Build | Farm |
| 12:38 | Build | Farm |
| 12:54 | Create | Villager (Male) |
| 12:54 | Create | Villager (Male) |
| 13:10 | Build | Barracks |
| 14:06 | Age | Feudal Age |
| 14:14 | Research | Double-Bit Axe |
| 14:15 | Research | Horse Collar |
| 15:16 | Create | Villager (Male) |
| 15:17 | Create | Villager (Male) |
| 15:51 | Create | Villager (Male) |
| 16:03 | Build | Blacksmith |
| 16:37 | Build | Archery Range |
| 16:53 | Create | Villager (Male) |
| 17:56 | Build | Lumber Camp |
| 18:11 | Build | Farm |
| 18:11 | Build | Farm |
| 18:11 | Build | Farm |
| 18:19 | Research | Castle Age |
| 18:21 | Research | Wheelbarrow |
| 18:30 | Build | House |
| 18:32 | Build | House |
| 18:37 | Build | House |
| 19:17 | Research | Gold Mining |
| 19:23 | Research | Fletching |
| 19:23 | Research | Padded Archer Armor |
| 20:04 | Build | Market |
| 20:12 | Create | Villager (Male) |
| 20:12 | Create | Villager (Male) |
| 20:28 | Build | House |
| 20:30 | Build | House |
| 20:59 | Age | Castle Age |
| 21:03 | Build | Town Center |
| 21:33 | Research | Bow Saw |
| 21:35 | Research | Heavy Plow |
| 22:06 | Build | Town Center |
| 22:18 | Create | Villager (Male) |
| 22:25 | Research | Crossbowman (upgrade) |
| 22:28 | Create | Archer |
| 22:28 | Create | Archer |
| 22:31 | Research | Fletching |
| 22:32 | Research | Padded Archer Armor |
| 22:56 | Create | Villager (Male) |
| 23:15 | Build | Farm |
| 23:19 | Create | Villager (Male) |
| 23:20 | Create | Villager (Male) |
| 23:26 | Build | Farm |
| 23:29 | Build | Farm |
| 23:33 | Build | Farm |
| 23:37 | Build | Farm |
| 23:40 | Build | Farm |
| 23:45 | Create | Villager (Male) |
| 23:46 | Create | Villager (Male) |
| 23:55 | Build | Farm |
| 24:04 | Create | Villager (Male) |
| 24:07 | Build | Farm |
| 24:10 | Create | Villager (Male) |
| 24:20 | Create | Archer |
| 24:21 | Create | Archer |
| 24:26 | Create | Villager (Male) |
| 24:34 | Create | Villager (Male) |
| 24:45 | Build | Farm |
| 24:50 | Build | Farm |
| 24:57 | Build | Farm |
| 24:59 | Create | Villager (Male) |
| 25:00 | Create | Villager (Male) |
| 25:00 | Create | Villager (Male) |
| 25:10 | Build | Farm |
| 25:15 | Build | Farm |
| 25:19 | Build | Farm |
| 25:22 | Create | Villager (Male) |
| 25:23 | Create | Villager (Male) |
| 25:40 | Create | Archer |
| 25:40 | Create | Archer |
| 25:44 | Create | Villager (Male) |
| 25:44 | Create | Villager (Male) |
| 26:07 | Research | Bodkin Arrow |
| 26:23 | Create | Villager (Male) |
| 26:24 | Create | Villager (Male) |
| 26:25 | Create | Villager (Male) |
| 26:29 | Build | Farm |
| 26:33 | Build | Farm |
| 26:35 | Create | Villager (Male) |
| 26:42 | Create | Archer |
| 26:52 | Build | University |
| 27:04 | Create | Villager (Male) |
| 27:07 | Create | Villager (Male) |
| 27:28 | Research | Ballistics |
| 27:33 | Build | Mining Camp |
| 27:37 | Create | Villager (Male) |
| 27:38 | Create | Villager (Male) |
| 27:38 | Create | Villager (Male) |
| 27:39 | Create | Villager (Male) |
| 27:40 | Create | Villager (Male) |
| 27:41 | Create | Villager (Male) |
| 27:48 | Create | Archer |
| 27:48 | Create | Archer |
| 27:58 | Build | Archery Range |
| 28:14 | Build | House |
| 28:15 | Build | House |
| 28:17 | Build | House |
| 28:20 | Build | House |
| 28:29 | Build | Lumber Camp |
| 28:38 | Create | Archer |
| 28:39 | Create | Archer |
| 28:42 | Create | Villager (Male) |
| 28:44 | Create | Villager (Male) |
| 28:44 | Create | Villager (Male) |
| 28:44 | Create | Villager (Male) |
| 28:47 | Research | Gold Shaft Mining |
Build order —
First 150 of 697 actions detected
| 0:00 | Build | House |
| 0:03 | Build | House |
| 1:42 | Build | Lumber Camp |
| 3:47 | Build | House |
| 4:06 | Build | Mill |
| 5:22 | Build | Lumber Camp |
| 6:33 | Build | Mill |
| 6:41 | Research | Tech None |
| 6:46 | Build | House |
| 7:35 | Build | Farm |
| 8:20 | Build | Farm |
| 8:46 | Build | House |
| 9:18 | Build | Farm |
| 9:46 | Build | Farm |
| 10:11 | Research | Tech None |
| 10:14 | Build | House |
| 10:41 | Build | Mining Camp |
| 11:35 | Build | Barracks |
| 12:29 | Build | Stable |
| 13:28 | Build | Blacksmith |
| 13:38 | Research | Tech None |
| 13:44 | Build | House |
| 14:03 | Research | Tech None |
| 14:11 | Research | Tech None |
| 14:32 | Build | Farm |
| 14:36 | Build | Farm |
| 14:48 | Build | Farm |
| 15:00 | Build | Farm |
| 15:14 | Build | Farm |
| 15:29 | Build | Farm |
| 15:36 | Build | Farm |
| 15:42 | Build | Farm |
| 16:45 | Build | Town Center |
| 16:56 | Build | Farm |
| 16:59 | Build | House |
| 17:02 | Build | House |
| 17:21 | Build | Farm |
| 17:28 | Build | Farm |
| 17:34 | Research | Tech None |
| 18:20 | Research | Tech None |
| 18:20 | Build | Town Center |
| 18:46 | Build | Town Center |
| 18:52 | Build | Lumber Camp |
| 19:15 | Build | House |
| 19:18 | Build | House |
| 19:22 | Build | Farm |
| 19:41 | Build | Farm |
| 20:00 | Research | Tech None |
| 20:07 | Build | Farm |
| 20:39 | Research | Tech None |
| 21:07 | Build | Stable |
| 21:14 | Build | Farm |
| 21:19 | Build | Farm |
| 21:22 | Build | Farm |
| 21:37 | Build | Farm |
| 21:43 | Build | Farm |
| 21:44 | Create | Camel Scout |
| 21:46 | Build | House |
| 21:48 | Build | House |
| 21:55 | Build | Farm |
| 22:08 | Build | Farm |
| 22:11 | Build | Farm |
| 22:20 | Build | Farm |
| 22:27 | Create | Camel Scout |
| 22:31 | Build | Farm |
| 22:42 | Build | Farm |
| 22:43 | Build | House |
| 22:47 | Build | House |
| 22:56 | Create | Camel Scout |
| 23:00 | Build | Farm |
| 23:04 | Build | Farm |
| 23:12 | Build | House |
| 23:24 | Build | Farm |
| 23:30 | Build | Farm |
| 23:32 | Build | House |
| 23:43 | Research | Tech None |
| 23:48 | Build | Farm |
| 24:18 | Build | Farm |
| 24:19 | Research | Tech None |
| 24:23 | Build | Farm |
| 24:27 | Build | Farm |
| 24:38 | Create | Camel Scout |
| 24:38 | Build | Farm |
| 24:44 | Build | Farm |
| 24:48 | Build | Farm |
| 24:51 | Research | Tech None |
| 24:53 | Build | Farm |
| 25:03 | Create | Camel Scout |
| 25:05 | Build | Farm |
| 25:08 | Build | House |
| 25:14 | Build | House |
| 25:30 | Build | Farm |
| 25:36 | Build | Lumber Camp |
| 25:40 | Build | Farm |
| 25:41 | Build | House |
| 25:49 | Build | Farm |
| 25:51 | Research | Tech None |
| 25:54 | Create | Camel Scout |
| 25:58 | Create | Camel Scout |
| 25:58 | Build | Mill |
| 26:09 | Build | Farm |
| 26:13 | Build | House |
| 26:21 | Build | Farm |
| 26:25 | Create | Camel Scout |
| 26:25 | Build | Mining Camp |
| 26:29 | Build | House |
| 26:37 | Build | Farm |
| 26:45 | Research | Tech None |
| 26:52 | Research | Tech None |
| 26:52 | Build | Farm |
| 26:52 | Build | House |
| 27:16 | Research | Tech None |
| 27:25 | Build | Town Center |
| 27:26 | Build | House |
| 27:32 | Build | Farm |
| 27:37 | Build | Farm |
| 27:50 | Build | Farm |
| 27:53 | Build | Farm |
| 28:07 | Research | Tech None |
| 28:08 | Build | Farm |
| 28:10 | Build | Farm |
| 28:14 | Build | Farm |
| 28:25 | Build | Monastery |
| 28:29 | Build | Farm |
| 28:35 | Build | Farm |
| 28:38 | Build | House |
| 28:40 | Build | House |
| 28:58 | Build | Siege Workshop |
| 29:01 | Build | Farm |
| 29:05 | Create | Scout Cavalry |
| 29:07 | Research | Tech None |
| 29:08 | Build | Farm |
| 29:12 | Create | Monk |
| 29:13 | Build | Farm |
| 29:22 | Build | Farm |
| 29:25 | Build | Farm |
| 29:36 | Build | Lumber Camp |
| 29:44 | Build | Market |
| 29:49 | Build | Farm |
| 29:50 | Build | Farm |
| 29:51 | Build | Mill |
| 30:06 | Build | House |
| 30:07 | Build | House |
| 30:11 | Build | Farm |
| 30:14 | Build | Farm |
| 30:20 | Build | Farm |
| 30:29 | Build | Stable |
| 30:33 | Build | House |
| 30:35 | Create | Scout Cavalry |
| 30:36 | Research | Tech None |
Build order —
First 150 of 607 actions detected
| 0:00 | Build | House |
| 0:02 | Build | House |
| 1:42 | Build | Lumber Camp |
| 3:20 | Build | Mill |
| 3:21 | Build | Lumber Camp |
| 3:47 | Build | House |
| 4:12 | Build | Mill |
| 5:52 | Build | House |
| 6:18 | Research | Tech None |
| 6:32 | Build | Farm |
| 6:34 | Build | Farm |
| 8:02 | Build | Farm |
| 8:26 | Build | Farm |
| 10:26 | Build | Mining Camp |
| 10:29 | Build | House |
| 11:16 | Build | Farm |
| 12:06 | Research | Tech None |
| 12:06 | Build | Lumber Camp |
| 12:07 | Build | Barracks |
| 12:25 | Build | House |
| 13:16 | Build | Farm |
| 13:17 | Build | Farm |
| 13:44 | Build | Farm |
| 14:19 | Research | Tech None |
| 14:19 | Research | Tech None |
| 14:19 | Research | Tech None |
| 14:22 | Create | Spearman |
| 15:06 | Build | Archery Range |
| 15:28 | Build | Watch Tower |
| 15:53 | Build | Blacksmith |
| 16:00 | Build | House |
| 16:12 | Build | Farm |
| 16:36 | Build | Farm |
| 17:01 | Build | Farm |
| 17:14 | Research | Tech None |
| 17:15 | Build | Lumber Camp |
| 17:30 | Build | Farm |
| 17:54 | Build | Farm |
| 18:08 | Build | Farm |
| 18:25 | Build | Farm |
| 18:44 | Build | Farm |
| 18:55 | Build | House |
| 19:11 | Build | Farm |
| 19:37 | Build | Farm |
| 19:39 | Research | Tech None |
| 19:48 | Build | Mining Camp |
| 20:28 | Build | Stable |
| 21:13 | Build | Stable |
| 22:19 | Create | Knight |
| 22:20 | Research | Tech None |
| 22:20 | Build | Town Center |
| 22:24 | Create | Knight |
| 22:37 | Build | Town Center |
| 22:44 | Create | Knight |
| 23:09 | Research | Tech None |
| 23:14 | Create | Knight |
| 23:17 | Build | House |
| 23:22 | Build | House |
| 23:35 | Research | Tech None |
| 23:52 | Build | Farm |
| 23:54 | Create | Knight |
| 23:57 | Build | House |
| 24:04 | Build | House |
| 25:00 | Build | Town Center |
| 25:16 | Build | Farm |
| 25:25 | Build | Farm |
| 25:36 | Build | Farm |
| 25:48 | Build | Farm |
| 25:59 | Build | Farm |
| 26:03 | Research | Tech None |
| 26:04 | Build | Farm |
| 26:11 | Build | House |
| 26:16 | Build | House |
| 26:27 | Build | Farm |
| 26:37 | Build | Farm |
| 26:59 | Create | Knight |
| 27:05 | Build | Farm |
| 27:08 | Research | Tech None |
| 27:08 | Build | Farm |
| 27:13 | Build | Farm |
| 27:16 | Build | Farm |
| 27:18 | Build | Farm |
| 27:38 | Build | Farm |
| 27:40 | Build | Farm |
| 27:43 | Build | Farm |
| 28:02 | Build | House |
| 28:04 | Build | House |
| 28:07 | Build | Farm |
| 28:08 | Create | Knight |
| 28:25 | Create | Knight |
| 28:27 | Build | Farm |
| 28:34 | Build | Farm |
| 28:35 | Build | Farm |
| 29:06 | Build | Farm |
| 29:17 | Research | Tech None |
| 29:19 | Create | Knight |
| 29:20 | Build | House |
| 29:21 | Build | House |
| 29:29 | Create | Knight |
| 29:32 | Build | Farm |
| 29:33 | Build | Farm |
| 29:50 | Build | Farm |
| 29:55 | Build | House |
| 30:01 | Build | Lumber Camp |
| 30:08 | Build | Monastery |
| 30:33 | Research | Tech None |
| 30:37 | Create | Knight |
| 30:43 | Build | Siege Workshop |
| 30:47 | Build | Lumber Camp |
| 30:47 | Create | Knight |
| 30:48 | Create | Skirmisher |
| 31:01 | Create | Monk |
| 31:15 | Create | Skirmisher |
| 31:28 | Create | Knight |
| 31:33 | Research | Tech None |
| 31:35 | Research | Tech None |
| 31:43 | Build | Mining Camp |
| 31:44 | Research | Tech None |
| 31:52 | Build | Farm |
| 31:53 | Create | Knight |
| 31:55 | Build | House |
| 32:00 | Build | Farm |
| 32:01 | Build | House |
| 32:03 | Build | Farm |
| 32:07 | Create | Skirmisher |
| 32:18 | Create | Knight |
| 32:29 | Research | Tech None |
| 32:29 | Build | Farm |
| 32:33 | Create | Knight |
| 32:34 | Create | Skirmisher |
| 32:39 | Build | Farm |
| 32:49 | Build | Farm |
| 32:52 | Build | Farm |
| 32:53 | Build | Farm |
| 32:54 | Build | Farm |
| 32:57 | Build | Farm |
| 32:59 | Create | Knight |
| 33:01 | Create | Skirmisher |
| 33:01 | Build | Farm |
| 33:02 | Build | Farm |
| 33:03 | Build | Farm |
| 33:04 | Build | Farm |
| 33:10 | Build | Farm |
| 33:20 | Create | Knight |
| 33:32 | Create | Knight |
| 33:37 | Create | Skirmisher |
| 33:42 | Build | Farm |
| 33:44 | Build | Farm |
| 33:47 | Build | Lumber Camp |
| 33:48 | Build | Farm |
Build order —
First 150 of 525 actions detected
| 0:00 | Build | House |
| 0:02 | Build | House |
| 0:25 | Build | Mill |
| 3:21 | Build | House |
| 3:42 | Build | Lumber Camp |
| 5:26 | Research | Tech None |
| 5:46 | Build | Lumber Camp |
| 6:17 | Build | House |
| 7:47 | Build | Mining Camp |
| 8:18 | Research | Tech None |
| 8:18 | Build | House |
| 9:28 | Build | Barracks |
| 10:32 | Research | Tech None |
| 10:32 | Build | Archery Range |
| 10:33 | Research | Tech None |
| 10:50 | Build | Farm |
| 11:05 | Build | Farm |
| 11:16 | Build | Farm |
| 11:22 | Build | House |
| 11:28 | Build | House |
| 11:50 | Build | Farm |
| 11:57 | Build | Farm |
| 12:37 | Build | House |
| 13:02 | Build | Lumber Camp |
| 13:03 | Build | Farm |
| 13:17 | Build | Farm |
| 13:40 | Build | Farm |
| 13:50 | Build | Farm |
| 13:55 | Build | House |
| 14:08 | Build | Farm |
| 14:59 | Build | Archery Range |
| 15:00 | Build | House |
| 15:06 | Build | House |
| 15:07 | Research | Tech None |
| 15:22 | Build | Farm |
| 16:16 | Build | Blacksmith |
| 16:34 | Build | Farm |
| 16:39 | Build | Farm |
| 17:01 | Research | Tech None |
| 17:01 | Build | Farm |
| 17:14 | Build | House |
| 17:15 | Build | House |
| 17:35 | Build | Lumber Camp |
| 17:52 | Build | Farm |
| 18:04 | Build | Farm |
| 18:26 | Research | Tech None |
| 18:59 | Research | Tech None |
| 19:26 | Research | Tech None |
| 19:39 | Build | Archery Range |
| 20:11 | Build | Archery Range |
| 20:35 | Build | Archery Range |
| 20:37 | Create | Archer |
| 20:37 | Create | Skirmisher |
| 20:41 | Create | Archer |
| 20:48 | Create | Skirmisher |
| 21:09 | Research | Tech None |
| 21:12 | Research | Tech None |
| 21:15 | Build | Town Center |
| 21:47 | Research | Tech None |
| 22:06 | Build | Town Center |
| 22:24 | Research | Tech None |
| 23:07 | Build | House |
| 23:12 | Build | House |
| 23:14 | Build | Farm |
| 23:25 | Build | Farm |
| 23:34 | Build | Farm |
| 23:39 | Build | Farm |
| 23:42 | Build | House |
| 23:48 | Build | Farm |
| 23:56 | Build | House |
| 24:06 | Build | Farm |
| 24:14 | Build | Farm |
| 24:24 | Build | Farm |
| 24:31 | Build | Farm |
| 24:42 | Build | Farm |
| 24:45 | Build | Farm |
| 24:54 | Build | Farm |
| 25:06 | Build | Lumber Camp |
| 25:10 | Research | Tech None |
| 25:14 | Build | Farm |
| 25:15 | Build | House |
| 25:16 | Build | House |
| 25:25 | Build | Farm |
| 25:30 | Build | Farm |
| 25:46 | Build | Monastery |
| 26:01 | Build | Farm |
| 26:19 | Build | Farm |
| 26:27 | Build | Market |
| 26:37 | Create | Monk |
| 26:39 | Research | Tech None |
| 26:41 | Build | Farm |
| 26:53 | Build | House |
| 26:57 | Build | Farm |
| 27:00 | Build | House |
| 27:13 | Build | Mining Camp |
| 27:17 | Research | Tech None |
| 27:18 | Build | Farm |
| 27:30 | Build | House |
| 27:31 | Build | Farm |
| 27:44 | Build | Siege Workshop |
| 27:49 | Build | Farm |
| 27:59 | Build | Farm |
| 28:11 | Build | Farm |
| 28:26 | Build | Mining Camp |
| 28:28 | Build | Farm |
| 28:30 | Build | Farm |
| 28:34 | Build | Farm |
| 28:35 | Build | Farm |
| 28:42 | Build | Farm |
| 28:46 | Build | Farm |
| 28:48 | Build | Farm |
| 28:51 | Build | Farm |
| 28:55 | Build | Farm |
| 29:01 | Build | House |
| 29:06 | Build | House |
| 29:13 | Build | Farm |
| 29:23 | Build | Farm |
| 29:27 | Build | Farm |
| 29:32 | Build | Farm |
| 29:34 | Build | Farm |
| 29:39 | Build | House |
| 29:49 | Build | Lumber Camp |
| 29:51 | Build | Farm |
| 29:58 | Build | House |
| 30:00 | Build | Farm |
| 30:14 | Build | Lumber Camp |
| 30:18 | Research | Tech None |
| 30:22 | Build | Lumber Camp |
| 30:29 | Build | Lumber Camp |
| 30:40 | Research | Tech None |
| 30:41 | Research | Tech None |
| 30:46 | Build | Mining Camp |
| 31:11 | Build | University |
| 31:34 | Research | Tech None |
| 31:42 | Build | House |
| 31:43 | Build | House |
| 31:52 | Build | Stable |
| 31:53 | Research | Tech None |
| 32:03 | Build | Stable |
| 32:33 | Build | Stable |
| 32:41 | Research | Tech None |
| 32:52 | Build | House |
| 32:52 | Build | House |
| 32:56 | Build | Castle |
| 32:59 | Build | Market |
| 32:59 | Build | Stable |
| 33:04 | Research | Tech None |
| 33:10 | Research | Tech None |
| 33:14 | Build | Stable |
| 33:24 | Build | Stable |
Build order —
First 150 of 717 actions detected
| 1:42 | Build | Lumber Camp |
| 4:19 | Build | Mill |
| 5:37 | Build | Lumber Camp |
| 7:21 | Build | Farm |
| 7:22 | Build | Farm |
| 7:24 | Build | Farm |
| 7:54 | Build | Farm |
| 8:29 | Build | Farm |
| 9:01 | Build | Farm |
| 9:30 | Build | Farm |
| 9:47 | Build | Farm |
| 10:00 | Research | Tech None |
| 10:21 | Build | Mining Camp |
| 11:07 | Build | Barracks |
| 12:11 | Build | Stable |
| 12:49 | Build | Blacksmith |
| 13:21 | Research | Tech None |
| 13:21 | Research | Tech None |
| 13:41 | Build | Farm |
| 13:53 | Research | Tech None |
| 14:07 | Research | Tech None |
| 14:08 | Build | Farm |
| 14:20 | Build | Farm |
| 14:38 | Build | Farm |
| 14:53 | Build | Lumber Camp |
| 16:33 | Research | Tech None |
| 16:33 | Create | Knight |
| 16:34 | Build | Town Center |
| 16:44 | Build | Town Center |
| 16:57 | Build | Farm |
| 17:00 | Research | Tech None |
| 17:00 | Create | Knight |
| 17:23 | Research | Tech None |
| 17:46 | Build | Farm |
| 17:54 | Build | Farm |
| 18:14 | Build | Farm |
| 18:49 | Create | Knight |
| 18:56 | Build | Stable |
| 19:15 | Research | Tech None |
| 19:35 | Build | Farm |
| 19:38 | Build | Farm |
| 19:52 | Build | Farm |
| 20:05 | Build | Farm |
| 20:20 | Build | Farm |
| 20:31 | Build | Farm |
| 20:49 | Build | Farm |
| 20:57 | Build | Farm |
| 21:02 | Build | Farm |
| 21:17 | Build | Farm |
| 21:23 | Build | Farm |
| 21:31 | Build | Farm |
| 21:40 | Build | Farm |
| 21:51 | Build | Farm |
| 22:00 | Build | Farm |
| 22:10 | Build | Farm |
| 22:23 | Build | Farm |
| 22:32 | Research | Tech None |
| 22:42 | Build | Farm |
| 22:50 | Build | Farm |
| 22:59 | Build | Farm |
| 23:12 | Build | Farm |
| 23:43 | Research | Tech None |
| 23:44 | Build | Farm |
| 23:59 | Build | Farm |
| 24:05 | Build | Farm |
| 24:09 | Build | Farm |
| 24:13 | Build | Farm |
| 24:27 | Build | Farm |
| 24:37 | Research | Tech None |
| 24:39 | Build | Farm |
| 24:53 | Build | Farm |
| 25:03 | Build | Farm |
| 25:14 | Research | Tech None |
| 25:14 | Build | Farm |
| 25:15 | Build | Farm |
| 25:25 | Build | Lumber Camp |
| 25:30 | Build | Farm |
| 25:39 | Build | Farm |
| 25:45 | Build | Mill |
| 26:22 | Build | Siege Workshop |
| 26:23 | Build | Mill |
| 26:25 | Build | Farm |
| 26:27 | Build | Farm |
| 26:39 | Build | Farm |
| 26:44 | Build | Farm |
| 26:51 | Build | Mining Camp |
| 26:59 | Build | Farm |
| 27:06 | Build | Farm |
| 27:40 | Build | Town Center |
| 27:43 | Build | Farm |
| 27:45 | Build | Farm |
| 27:46 | Build | Farm |
| 28:04 | Build | Monastery |
| 28:18 | Build | Farm |
| 28:23 | Build | Farm |
| 28:31 | Build | Market |
| 28:33 | Build | Farm |
| 28:35 | Build | Farm |
| 28:50 | Build | Farm |
| 29:00 | Build | Farm |
| 29:06 | Build | Stable |
| 29:07 | Create | Scout Cavalry |
| 29:08 | Create | Scout Cavalry |
| 29:08 | Build | Farm |
| 29:09 | Create | Monk |
| 29:25 | Build | Lumber Camp |
| 29:26 | Build | Farm |
| 29:30 | Build | Mill |
| 29:33 | Research | Tech None |
| 29:34 | Create | Scout Cavalry |
| 29:39 | Research | Tech None |
| 29:39 | Research | Tech None |
| 29:39 | Research | Tech None |
| 29:48 | Build | Stable |
| 29:58 | Research | Tech None |
| 30:00 | Research | Tech None |
| 30:06 | Build | University |
| 30:08 | Build | Stable |
| 30:11 | Create | Scout Cavalry |
| 30:40 | Research | Tech None |
| 30:43 | Build | Stable |
| 30:43 | Build | University |
| 30:53 | Build | University |
| 30:58 | Research | Tech None |
| 30:58 | Create | Scout Cavalry |
| 30:58 | Build | Market |
| 31:11 | Build | Market |
| 31:18 | Create | Scout Cavalry |
| 31:24 | Build | Market |
| 31:47 | Create | Scout Cavalry |
| 31:51 | Create | Scout Cavalry |
| 31:53 | Create | Scout Cavalry |
| 31:54 | Build | Siege Workshop |
| 31:55 | Build | Stable |
| 32:04 | Build | Archery Range |
| 32:06 | Build | Archery Range |
| 32:07 | Create | Scout Cavalry |
| 32:09 | Create | Scout Cavalry |
| 32:17 | Build | Archery Range |
| 32:18 | Build | Archery Range |
| 32:21 | Build | Archery Range |
| 32:26 | Build | Lumber Camp |
| 32:31 | Create | Scout Cavalry |
| 32:35 | Create | Scout Cavalry |
| 32:42 | Build | Farm |
| 32:43 | Build | Farm |
| 32:44 | Build | Farm |
| 32:46 | Build | Farm |
| 32:50 | Build | Farm |
| 32:50 | Create | Knight |
Match timeline
| 1:23 | YuhArtyKnow · wall_segment Palisade Wall x8 |
| 3:06 | YuhArtyKnow · wall_segment Palisade Wall x6 |
| 3:07 | YuhArtyKnow · wall_segment Palisade Wall x4 |
| 4:57 | koukos · wall_segment Palisade Wall x3 |
| 5:03 | koukos · wall_segment Palisade Wall x10 |
| 5:40 | M L F 6 · wall_segment Palisade Wall x5 |
| 5:56 | M L F 6 · wall_segment Palisade Wall x5 |
| 6:19 | M L F 6 · wall_segment Palisade Wall x1 |
| 6:50 | M L F 6 · wall_segment Palisade Wall x1 |
| 7:23 | M L F 6 · wall_segment Palisade Wall x1 |
| 8:41 | M L F 6 · wall_segment Palisade Wall x2 |
| 8:45 | YuhaZero · first_building Dock |
| 9:28 | · first_building Barracks |
| 9:32 | M L F 6 · wall_segment Palisade Wall x1 |
| 9:32 | M L F 6 · wall_segment Palisade Wall x1 |
| 9:43 | M L F 6 · wall_segment Palisade Wall x1 |
| 9:45 | M L F 6 · wall_segment Palisade Wall x1 |
| 9:50 | M L F 6 · wall_segment Palisade Wall x3 |
| 10:32 | · first_building Archery Range |
| 10:36 | M L F 6 · wall_segment Palisade Wall x1 |
| 10:41 | M L F 6 · wall_segment Palisade Wall x1 |
| 10:45 | M L F 6 · wall_segment Palisade Wall x4 |
| 11:07 | · first_building Barracks |
| 11:10 | M L F 6 · wall_segment Palisade Wall x1 |
| 11:19 | M L F 6 · wall_segment Palisade Wall x1 |
| 11:35 | · first_building Barracks |
| 11:47 | M L F 6 · first_building Dock |
| 11:59 | M L F 6 · wall_segment Palisade Wall x1 |
| 12:07 | · first_building Barracks |
| 12:11 | · first_building Stable |
| 12:16 | M L F 6 · wall_segment Palisade Wall x4 |
| 12:18 | M L F 6 · wall_segment Palisade Wall x3 |
| 12:20 | M L F 6 · wall_segment Palisade Wall x1 |
| 12:21 | M L F 6 · wall_segment Palisade Wall x1 |
| 12:22 | M L F 6 · wall_segment Palisade Wall x1 |
| 12:24 | M L F 6 · wall_segment Palisade Wall x1 |
| 12:25 | M L F 6 · wall_segment Palisade Wall x1 |
| 12:26 | M L F 6 · wall_segment Palisade Wall x1 |
| 12:27 | M L F 6 · wall_segment Palisade Wall x1 |
| 12:27 | M L F 6 · wall_segment Palisade Wall x1 |
| 12:27 | M L F 6 · wall_segment Palisade Wall x1 |
| 12:29 | · first_building Stable |
| 12:53 | YuhaZero · age_up feudal |
| 12:56 | M L F 6 · first_building Barracks |
| 13:01 | YuhArtyKnow · age_up feudal |
| 13:08 | YuhArtyKnow · wall_segment Stone Wall x8 |
| 13:10 | YuhArtyKnow · wall_segment Stone Wall x6 |
| 13:10 | koukos · first_building Barracks |
| 14:06 | koukos · age_up feudal |
| 15:06 | · first_building Archery Range |
| 15:25 | M L F 6 · age_up feudal |
| 15:32 | M L F 6 · wall_segment Stone Wall x1 |
| 15:33 | M L F 6 · wall_segment Stone Wall x6 |
| 15:35 | YuhArtyKnow · wall_segment Stone Wall x10 |
| 15:42 | M L F 6 · wall_segment Stone Wall x3 |
| 15:54 | YuhArtyKnow · first_market_buy 100 wood |
| 16:05 | M L F 6 · wall_segment Stone Wall x3 |
| 16:35 | M L F 6 · wall_segment Stone Wall x1 |
| 16:35 | M L F 6 · wall_segment Stone Wall x1 |
| 16:36 | M L F 6 · wall_segment Stone Wall x1 |
| 16:37 | koukos · first_building Archery Range |
| 16:39 | M L F 6 · wall_segment Stone Wall x4 |
| 16:51 | YuhArtyKnow · age_up castle |
| 17:09 | M L F 6 · wall_segment Stone Wall x1 |
| 17:11 | M L F 6 · wall_segment Stone Wall x5 |
| 17:14 | M L F 6 · wall_segment Stone Wall x1 |
| 17:15 | M L F 6 · wall_segment Stone Wall x1 |
| 17:16 | M L F 6 · wall_segment Stone Wall x1 |
| 17:20 | YuhaZero · first_market_sell 100 wood |
| 19:08 | M L F 6 · wall_segment Stone Wall x1 |
| 19:10 | M L F 6 · wall_segment Stone Wall x5 |
| 19:11 | M L F 6 · wall_segment Stone Wall x1 |
| 20:04 | YuhaZero · age_up castle |
| 20:23 | M L F 6 · age_up castle |
| 20:25 | M L F 6 · first_building Monastery |
| 20:28 | · first_building Stable |
| 20:30 | YuhArtyKnow · first_market_sell 100 stone |
| 20:44 | YuhArtyKnow · wall_segment Stone Wall x9 |
| 20:52 | koukos · first_market_sell 100 food |
| 20:57 | koukos · first_market_buy 100 wood |
| 20:59 | koukos · age_up castle |
| 23:27 | YuhArtyKnow · first_building Castle |
| 23:42 | YuhaZero · first_building Monastery |
| 25:46 | · first_building Monastery |
| 26:21 | YuhArtyKnow · first_building Monastery |
| 26:22 | · first_building Siege Workshop |
| 26:41 | M L F 6 · first_building Siege Workshop |
| 27:44 | · first_building Siege Workshop |
| 28:04 | · first_building Monastery |
| 28:25 | · first_building Monastery |
| 28:58 | · first_building Siege Workshop |
| 29:06 | M L F 6 · age_up imperial |
| 30:00 | YuhaZero · first_building Castle |
| 30:08 | · first_building Monastery |
| 30:13 | · first_market_sell 100 wood |
| 30:15 | · first_market_buy 100 food |
| 30:43 | · first_building Siege Workshop |
| 30:54 | · first_market_buy 100 wood |
| 31:12 | YuhArtyKnow · first_building Barracks |
| 31:35 | YuhArtyKnow · age_up imperial |
| 31:52 | · first_building Stable |
| 32:04 | · first_building Archery Range |
| 32:29 | YuhArtyKnow · first_building Archery Range |
| 32:43 | YuhaZero · first_building Barracks |
| 32:51 | M L F 6 · first_building Stable |
| 32:54 | M L F 6 · first_building Archery Range |
| 32:56 | · first_building Castle |
| 34:20 | · first_building Archery Range |
| 34:36 | · first_building Castle |
| 34:58 | · first_building Castle |
| 35:23 | koukos · wall_segment Stone Wall x4 |
| 35:36 | YuhaZero · age_up imperial |
| 36:17 | koukos · first_building Monastery |
| 37:09 | koukos · wall_segment Stone Wall x1 |
| 37:10 | YuhArtyKnow · first_building Siege Workshop |
| 37:31 | · first_market_sell 100 food |
| 39:06 | YuhArtyKnow · tribute_sent a jugador 2 |
| 39:06 | YuhArtyKnow · tribute_sent a jugador 3 |
| 39:06 | YuhArtyKnow · tribute_sent a jugador 4 |
| 39:06 | YuhArtyKnow · tribute_sent a jugador 5 |
| 39:06 | YuhArtyKnow · tribute_sent a jugador 6 |
| 39:06 | YuhArtyKnow · tribute_sent a jugador 7 |
| 39:06 | YuhArtyKnow · tribute_sent a jugador 8 |
| 39:47 | koukos · first_building Castle |
| 39:54 | koukos · age_up imperial |
| 40:49 | · first_market_sell 100 food |
| 42:09 | · first_market_sell 100 food |
| 42:35 | YuhaZero · first_building Siege Workshop |
| 45:19 | M L F 6 · first_building Castle |
| 53:55 | YuhArtyKnow · first_building Stable |
| 59:46 | · resign |
[ AI ANALYSIS · 1 CREDIT ]
What really happened in this match?
Wolo.gg analyzes every decision: build order, eco, micro, common mistakes by bracket. Personalized analysis on WhatsApp or Discord in 30 seconds.
Civ guide
Romans
Perfil
Jugador #353713